Unix NetHack Version 5.0.0-0 post-release - last build May 10 2026 23:12:36 (d1fa5d53e341ca933230fdaa984d921c805b60aa,branch:main).

Game began 2026-05-11 20:50:24, ended 2026-05-11 22:34:12.

CaptainEquinox, neutral female human Valkyrie

                              -------
                          -----..|..|
                          |..`......----------------
                          |..@|..`-.`^^^^^^^^^^^^^.|
                          |%---`-...`.------------+|
                          |..`...`.|.--  |.........|
                          |.----`.--.|   |.........|
                          |.`..`..|..|   |.........|
                          |.`.`....`-|   |.........|
                          |.`|...|.`.|   |....<....|
                          |..-----`-.|   |.........|
                          |..........|   |.........|
                          --[>--------   |.........|
                           ----          -----------

CaptainEquinox the Fighter  St:15 Dx:14 Co:16 In:8 Wi:6 Ch:9  Neutral
Dlvl:6  $:3657 HP:41(56) Pw:18(18) AC:-6 Xp:7 T:4248 

Latest messages:
 The ceiling rumbles above you!
 You are hit by a boulder!
 The boulder suddenly rolls away from you!
 You hear a boulder fall.
 The boulder suddenly rolls away from you!
 You hear a boulder fall.
 The boulder suddenly rolls away from you!
 You hear a boulder fall.
 There is a rolling boulder trap here.
 You see here a wand of light.
 Click!  You trigger a rolling boulder trap!
 No boulder was released.
 There is a rolling boulder trap here.
 You see here a wand of light.
 Click!  You trigger a rolling boulder trap!
 No boulder was released.
 You try to move the boulder, but in vain.
 With great effort you move the boulder.
 The boulder suddenly rolls away from you!
 Thump!
 What do you want to zap? [mv or ?*] ?
 In what direction? 8
 The wall glows then fades.
 There is a rolling boulder trap here.
 You see here a wand of light.
 Click!  You trigger a rolling boulder trap!
 No boulder was released.
 Air currents pull you down into a pit!
 You are still in a pit.
 You crawl to the edge of the pit.
 What do you want to use or apply? [mvAPQ or ?*] ?
 You produce a strange whistling sound.
 Your little dog appears.
 You climb up the stairs.
 What do you want to drop? [$ac-ei-kmortvwACEMP-RU or ?*] ?
 You drop an orcish helm.
 Your movements are now unencumbered.
 With great effort you move the boulder.
 The little dog drops a +0 dagger.
 In what direction? <esc>
 You see here a +0 dagger.
 The little dog picks up a +0 dagger.
 You see here a tripe ration.
 You are carrying too much to get through.
 Really quit without saving? [yes|no] yes
 Do you want your possessions identified? [ynq] (y) y
 Do you want to see your attributes? [ynq] (y) y
 Do you want an account of creatures vanquished? [ynaq] (y) y
 Do you want to see your conduct and achievements? [ynq] (y) y
 Do you want to see the dungeon overview? [ynq] (y) y

Inventory:
 Coins    ('$')
  $ - 3657 gold pieces
 Weapons  (')')
  M - 2 blessed +0 elven daggers (at the ready)
  e - a blessed +0 spear
  a - a +1 spear (weapon in right hand)
 Armor    ('[')
  E - an uncursed +0 pair of iron shoes (being worn)
  c - a blessed +5 small shield (being worn)
  C - an uncursed +2 dwarvish cloak (being worn)
  R - an uncursed +0 splint mail (being worn)
 Comestibles  ('%')
  t - 2 uncursed cram rations
  d - 3 uncursed food rations
  i - an uncursed tin of spinach
 Scrolls  ('?')
  w - an uncursed scroll of confuse monster
  k - a blessed scroll of earth
  U - an uncursed scroll of identify
  r - an uncursed scroll of light
 Potions  ('!')
  o - 2 uncursed potions of healing
 Wands    ('/')
  m - a wand of digging (0:2)
  v - a wand of light (0:13)
 Tools    ('(')
  P - an uncursed magic whistle
  A - an uncursed skeleton key
 Gems/Stones  ('*')
  Q - an uncursed touchstone

CaptainEquinox the Valkyrie's attributes:

Background:
 You were a Fighter, a level 7 human Valkyrie.
 You were neutral, on a mission for Odin
 who was opposed by Tyr (lawful) and Loki (chaotic).
 You were right-handed.
 You were in Sokoban, on level 6.
 You entered the dungeon 4248 turns ago.
 It was nighttime.
 You had 690 experience points, 590 more were needed to attain level 8.

Basics:
 You had 41 out of 56 hit points.
 You had all 18 energy points (spell power).
 Your armor class was -6.
 Your wallet contained 3657 zorkmids.
 Autopickup was off.

Final Characteristics:
 Your strength was 15 (peak:18/04, limit:18/100).
 Your dexterity was 14 (limit:18).
 Your constitution was 16 (limit:18).
 Your intelligence was 8 (limit:18).
 Your wisdom was 6 (peak:7, limit:18).
 Your charisma was 9 (limit:18).

Final Status:
 You weren't hungry.
 You were unencumbered.
 You were wielding a spear.
 You were skilled in spear.

Final Attributes:
 You were piously aligned.
 Your items were somewhat protected from fire.
 You were cold resistant.
 Your items were somewhat protected from cold.
 You were telepathic.
 You were stealthy.
 You were warded.
 You were fast.
 You were unlucky.
 Odin was angry with you.
 You survived.

Miscellaneous:
 You didn't encounter any bones levels.
 Total elapsed playing time was 52 minutes and 5 seconds.

Major events:
 Turn
    1: CaptainEquinox the neutral human Valkyrie entered the dungeon
 1391: attained the rank of Skirmisher (level 3)
 1549: entered the Gnomish Mines
 2231: entered Sokoban
 2965: attained the rank of Fighter (level 6)
 4248: quit

You didn't know any spells.

Skills:
 Fighting Skills
   bare handed combat [Unskilled]
   two weapon combat  [Unskilled]
   riding             [Unskilled]
 Weapon Skills
   dagger             [Basic]
   axe                [Unskilled]
   pick-axe           [Unskilled]
   short sword        [Unskilled]
   broadsword         [Unskilled]
   long sword         [Unskilled]
   two-handed sword   [Unskilled]
   saber              [Unskilled]
   hammer             [Unskilled]
   quarterstaff       [Unskilled]
   polearms           [Unskilled]
   spear              [Skilled]
   trident            [Unskilled]
   lance              [Unskilled]
   sling              [Unskilled]
 Spellcasting Skills
   attack spells      [Unskilled]
   escape spells      [Unskilled]

Voluntary challenges:
 Character rerolling was not enabled.
 You never genocided any monsters.
 You never polymorphed an object.
 You used no wishes.
 You violated the special Sokoban rules once.
Achievements:
 You entered a shop.
 You attained the rank of Skirmisher.
 You entered the Gnomish Mines.
 You entered Sokoban.
 You attained the rank of Fighter.

 The Dungeons of Doom: levels 1 to 8
    Level 1:
    Level 2:
       A vegetarian food shop.
    Level 3:
    Level 4:
       A general store.
       Stairs down to The Gnomish Mines.
    Level 5:
    Level 6:
       A general store, an altar to Odin.
    Level 7:
       Many fountains.
    Level 8:
       A fountain, a grave.
       Stairs up to Sokoban, level 7.
 The Gnomish Mines:
    Level 5:
 Sokoban: levels 7 up to 6
    Level 6: <- You were here.
       Unsolved.
    Level 7:
       Unsolved.


Vanquished creatures:
  a large mimic
  3 small mimics
  a tengu
  a dwarf leader
  a blue jelly
 an ape
  a mountain nymph
  2 rock moles
  a yellow light
  a gnome leader
  a gray ooze
  3 giant ants
  3 floating eyes
  3 dwarves
  a homunculus
  a kobold leader
  a kobold shaman
  2 hill orcs
  2 rothes
  2 giant bats
  2 dwarf zombies
  2 werejackals
  4 iguanas
  3 killer bees
  3 hobbits
  a cave spider
  a red mold
 11 gnomes
  2 garter snakes
  a gnome zombie
  4 geckos
  8 jackals
  a fox
  2 sewer rats
  4 grid bugs
  3 lichens
  a kobold zombie
  3 newts
88 creatures vanquished.

No species were genocided or became extinct.

Farvel CaptainEquinox the Valkyrie...

You quit in Sokoban on dungeon level 6 with 7423 points,
and 3657 pieces of gold, after 4248 moves.
You were level 7 with a maximum of 56 hit points when you quit.

